 Dungeon Crawl Stone Soup version 0.21.0-3-g78d12a8 (webtiles) character file.

484 Gaball the Insei (level 7, 0/43 HPs)
             Began as an Octopode Transmuter on Jan 13, 2018.
             Was an Initiate of Gozag.
             Slain by an ogre
             ... wielding a +0 giant spiked club
              (25 damage)
             ... on level 5 of the Dungeon.
             The game lasted 00:11:30 (5237 turns).

Gaball the Insei (Octopode Transmuter)              Turns: 5237, Time: 00:11:30

Health: 0/43       AC:  1    Str: 10    XL:     7   Next: 12%
Magic:  15/21      EV: 18    Int: 16    God:    Gozag
Gold:   372        SH:  0    Dex: 13    Spells: 4/13 levels left

rFire    . . .     SeeInvis .     - Unarmed
rCold    . . .     Gourm    .   (no shield)
rNeg     . . .     Faith    .   (helmet restricted)
rPois    +         Spirit   .   f - amulet of harm
rElec    .         Reflect  .   o - ring of poison resistance
rCorr    .         Harm     +   p - +5 ring of evasion
MR       .....                  t - ring of magical power
Stlth    ++........             (no ring)
HPRegen  0.14/turn              (no ring)
MPRegen  0.17/turn              (no ring)
                                (no ring)
                                (no ring)

@: no status effects
A: almost no armour, stealthy swim, amphibious, 8 rings, constrict 8, camouflage
1, gelatinous body 1
a: Potion Petition, Call Merchant, Bribe Branch, Renounce Religion


You were on level 5 of the Dungeon.
You worshipped Gozag.
Gozag was aware of your devotion.
You were not hungry.

You visited 1 branch of the dungeon, and saw 5 of its levels.

You collected 395 gold pieces.
You paid 23 gold pieces to Gozag.

Inventory:

Missiles
 x - 96 stones (quivered)
 B - 19 arrows
Jewellery
 f - an amulet of harm (around mantle)
 o - a ring of poison resistance (left tentacle)
 p - a +5 ring of evasion (right tentacle)
 t - a ring of magical power (on tentacle)
 y - an uncursed ring of protection from magic {unknown}
Wands
 A - a wand of paralysis (16)
Scrolls
 d - 3 scrolls of blinking
 h - a scroll of enchant armour {unknown}
 j - 2 scrolls of enchant weapon {unknown}
 n - a scroll of immolation {unknown}
 q - a scroll of identify {unknown}
 s - a scroll of teleportation {unknown}
 w - a scroll of fog {unknown}
 z - a scroll of fear {unknown}
 C - a scroll of amnesia {unknown}
Potions
 a - 4 potions of brilliance {unknown}
 e - a potion of magic {unknown}
 g - a potion of agility {unknown}
 i - 3 potions of haste {unknown}
 k - a potion of degeneration {unknown}
 l - 3 potions of curing {unknown}
 r - a potion of cancellation {unknown}
 u - a potion of lignification {unknown}
 v - a potion of berserk rage {unknown}
Books
 b - a book of Changes

   Spells                             Type                      Level
   a - Beastly Appendage              Transmutation                1
   b - Sticks to Snakes               Transmutation                2
   c - Spider Form                    Transmutation/Poison         3
   d - Ice Form                       Ice/Transmutation            4
   e - Blade Hands                    Transmutation                5
 m - a book of Maledictions

   Spells                             Type                      Level
   a - Corona                         Hexes                        1
   b - Ensorcelled Hibernation        Hexes/Ice                    2
   c - Confuse                        Hexes                        3
   d - Tukima's Dance                 Hexes                        3
   e - Dazzling Spray                 Conjuration/Hexes            3
Comestibles
 c - 7 rations


   Skills:
 - Level 1.0 Fighting
 - Level 2.0 Dodging
 + Level 4.7 Unarmed Combat
 + Level 3.9 Spellcasting
 - Level 2.1 Hexes
 + Level 4.0 Transmutations
 + Level 2.0 Ice Magic


You had 4 spell levels left.
You knew the following spells:

 Your Spells              Type           Power        Failure   Level  Hunger
a - Beastly Appendage     Tmut           ###...       3%          1    None
b - Sticks to Snakes      Tmut           ###.....     4%          2    ##.....
c - Ice Form              Ice/Tmut       ##......     43%         4    ####...
d - Ensorcelled Hibernat  Hex/Ice        #.....       11%         2    ##.....


Dungeon Overview and Level Annotations

Branches:
Dungeon (5/15)
 Temple: D:4-7

Altars:
Cheibriados
Gozag
Okawaru
Qazlal


Innate Abilities, Weirdness & Mutations

You cannot wear most types of armour.
You are very stealthy in the water. (Stealth+)
You are amphibious.
You can wear up to eight rings at the same time.
You can use your tentacles to constrict eight enemies at once.
Your skin changes colour to match your surroundings (Stealth+).
Your rubbery body absorbs attacks. (AC +1, EV +1)


Message History

Press: ? - help, Shift-Dir - straight line, f - ogre
Aim: an ogre, wielding a giant spiked club (chance to defeat MR: 40%)
The ogre resists with some effort.
Casting: Ensorcelled Hibernation
Confirm with . or Enter, or press ? or * to list all spells.
Aiming: Ensorcelled Hibernation
Press: ? - help, Shift-Dir - straight line, f/p - ogre
Aim: an ogre, wielding a giant spiked club (chance to defeat MR: 40%)
The ogre resists with some effort.
Casting: Ensorcelled Hibernation
Confirm with . or Enter, or press ? or * to list all spells.
Aiming: Ensorcelled Hibernation
Press: ? - help, Shift-Dir - straight line, f/p - ogre
Aim: an ogre, wielding a giant spiked club (chance to defeat MR: 40%)
The ogre resists with some effort.
The ogre hits you with a giant spiked club!
The ogre hits you with a giant spiked club!!
Ouch! That really hurt!
You die...
Your body crumbles into a pile of gold.

### ....# #.#<#.# #.#.#.#
#.#.#.# #.#.#.# #######
#.#@#.######## ......#
#...O......... .[....#
#........##
......########.....#.##
...............#.#.#.#
...............#.#....
...............#.#....#
#.###..........#........
)....................>..#


You could see an ogre.

Vanquished Creatures
  A centaur (D:4)
  A bullfrog (D:3)
  2 orc priests
  A bullfrog skeleton (D:4)
  Jessica (D:2)
  An iguana (D:4)
  2 worker ants
  6 adders
  An ooze (D:3)
  2 worms
  A dart slug (D:1)
  2 leopard geckos
  6 orcs
  3 bats
  6 giant cockroaches
  9 goblins
  4 hobgoblins
  2 jackals (D:1)
  2 quokkas
  A ball python (D:2)
  A ball python skeleton (D:4)
  4 frilled lizards
  9 kobolds
  A leopard gecko skeleton (D:4)
  7 rats
76 creatures vanquished.

Vanquished Creatures (collateral kills)
  2 adders (D:2)
  A worm (D:1)
  A goblin (D:2)
  A quokka (D:2)
5 creatures vanquished.

Grand Total: 81 creatures vanquished

Notes
Turn   | Place    | Note
-------+----------+-------------------------------------------
     0 | D:1      | Gaball the Octopode Transmuter began the quest for the Orb.
     0 | D:1      | Reached XP level 1. HP: 13/13 MP: 3/3
   328 | D:1      | Reached XP level 2. HP: 11/18 MP: 3/5
  1181 | D:1      | Reached XP level 3. HP: 18/23 MP: 6/6
  1319 | D:1      | Learned a level 2 spell: Sticks to Snakes
  1777 | D:2      | Noticed Jessica
  1790 | D:2      | Killed Jessica
  1790 | D:2      | Reached XP level 4. HP: 20/28 MP: 1/8
  2408 | D:2      | Reached XP level 5. HP: 13/33 MP: 6/9
  2551 | D:2      | Learned a level 4 spell: Ice Form
  2554 | D:2      | Learned a level 2 spell: Ensorcelled Hibernation
  2755 | D:2      | Found a stormy altar of Qazlal.
  2879 | D:2      | Found an opulent altar of Gozag.
  2938 | D:2      | Became a worshipper of Gozag Ym Sagoz the Greedy
  3094 | D:3      | Reached skill level 1 in Hexes
  3157 | D:3      | Found a snail-covered altar of Cheibriados.
  3212 | D:3      | Found an iron altar of Okawaru.
  3225 | D:3      | Reached skill level 1 in Ice Magic
  3225 | D:3      | Reached XP level 6. HP: 28/38 MP: 11/11
  4886 | D:4      | Reached XP level 7. HP: 23/43 MP: 12/12
  5206 | D:5      | Entered Level 5 of the Dungeon
  5237 | D:5      | Slain by an ogre

Skill      XL: |  1  2  3  4  5  6 |
---------------+-------------------+-----
Transmutations | 3 4 |  4.0
Spellcasting   | 3 |  3.9
Unarmed Combat | 4 |  4.7
Hexes          | 1 2 |  2.1
Ice Magic      | 1 2 |  2.0
Fighting       | |  1.0
Dodging        | |  2.0

Action                   |  1- 3 |  4- 6 |  7- 9 || total
-------------------------+-------+-------+-------++-------
Melee: Unarmed           |    61 |   115 |     8 ||   184
       Constrict         |    16 |    30 |     1 ||    47
       Kick              |    11 |    22 |     1 ||    34
       Tentacles         |     9 |    23 |       ||    32
       Punch             |     1 |     5 |       ||     6
 Cast: Beastly Appendage |    12 |    28 |     1 ||    41
       Sticks to Snakes  |     5 |     7 |       ||    12
       Ensorcelled Hiber |       |       |     3 ||     3
  Use: Scroll            |       |     1 |       ||     1
 Stab: Sleeping          |     6 |     7 |       ||    13
       Distracted        |     1 |     1 |       ||     2
  Eat: Chunk             |     1 |     1 |       ||     2
       Ration            |     1 |     2 |     1 ||     4
Armor: Skin              |     7 |     6 |       ||    13
Dodge: Dodged            |    13 |    83 |     6 ||   102
